 Dungeon Crawl Stone Soup version 0.31-a0-865-g3d5d91748a (webtiles) character file.

Game seed: 1566953173543473975

9764 xbox the Cleaver (level 11, -3/83 HPs)
             Began as a Formicid Artificer on Oct 10, 2023.
             Was a Believer of Qazlal.
             Slain by Gastronok (20 damage)
             ... on level 1 of the Lair of Beasts.
             The game lasted 00:14:58 (14098 turns).

xbox the Cleaver (Formicid Artificer)              Turns: 14098, Time: 00:14:58

Health: -3/83      AC: 13    Str: 20    XL:     11   Next: 80%
Magic:  14/17      EV: 13    Int: 12    God:    Qazlal [**....]
Gold:   795        SH:  3    Dex: 14    Spells: 10/10 levels left

rFire   + . .        C - +2 war axe "Estroxzej" {venom, rF+}
rCold   + . .        (no shield)
rNeg    + . .        z - +2 ring mail {rN+}
rPois   .            (helmet unavailable)
rElec   .            l - +0 cloak
rCorr   .            (no gloves)
SInv    +            r - +2 pair of boots
Will    +....        q - amulet of the acrobat
Stlth   ++           t - ring of protection from cold
HPRegen 0.33/turn    (no ring)
MPRegen 0.15/turn

%: acrobat
@: no status effects
A: permanent stasis, dig shafts and tunnels, antennae 3, four strong arms
a: Dig, Shaft Self, Renounce Religion, Upheaval


You were on level 1 of the Lair of Beasts.
You worshipped Qazlal.
Qazlal was pleased with you.
You visited 2 branches of the dungeon, and saw 12 of its levels.
You also visited: Sewer.

You collected 795 gold pieces.

Inventory:

Hand Weapons
 C - the +2 war axe "Estroxzej" (weapon) {venom, rF+}
   (You found it on level 7 of the Dungeon)

   rF+:       It protects you from fire.
Armour
 l - a +0 cloak (worn)
 r - a +2 pair of boots (worn)
 z - a +2 ring mail of positive energy (worn)
Jewellery
 h - an amulet of magic regeneration
 q - an amulet of the acrobat (around neck)
 t - a ring of protection from cold (left hand)
 u - a ring of fire
Wands
 c - a wand of flame (13)
 d - a wand of charming (14)
 i - a wand of iceblast (5)
 k - a wand of acid (13) (quivered)
 x - a wand of polymorph (7)
Scrolls
 a - 3 scrolls of poison
 b - 2 scrolls of enchant armour
 f - a scroll of torment
 m - a scroll of amnesia {unknown}
 n - a scroll of immolation
 s - 2 scrolls of brand weapon
 B - 2 scrolls of fear
Potions
 e - 4 potions of magic
 g - a potion of ambrosia
 j - a potion of resistance
 o - a potion of attraction {unknown}
 p - 2 potions of lignification {unknown}
 v - 3 potions of curing
 w - a potion of might
 A - 2 potions of brilliance


   Skills:
 + Level 6.9 Fighting
 * Level 10.3 Axes
 + Level 7.3 Armour
 + Level 5.5 Dodging
 + Level 8.0 Stealth
 * Level 8.9 Invocations
 - Level 3.2 Evocations


You had 10 spell levels left.
You didn't know any spells.
Your spell library contained the following spells:

 Spells                   Type           Power      Damage    Failure   Level
 Kiss of Death            Conj/Necr      0%         2d5       45%         1
 Magic Dart               Conj           0%         1d3       45%         1
 Shock                    Conj/Air       0%         1d3       45%         1
 Slow                     Hex            0%         N/A       45%         1
 Call Imp                 Summ           0%         N/A       61%         2
 Ensorcelled Hibernation  Hex/Ice        0%         N/A       61%         2
 Jinxbite                 Hex            0%         N/A       61%         2
 Lesser Beckoning         Tloc           0%         N/A       61%         2
 Momentum Strike          Conj/Tloc      0%         3d8       61%         2
 Searing Ray              Conj           0%         2d4       61%         2
 Sublimation of Blood     Necr           0%         N/A       61%         2
 Confusing Touch          Hex            0%         N/A       83%         3
 Inner Flame              Hex/Fire       0%         N/A       83%         3
 Mephitic Cloud           Conj/Pois/Air  0%         N/A       83%         3
 Sigil of Binding         Hex            0%         N/A       83%         3
 Tukima's Dance           Hex            0%         N/A       83%         3
 Vampiric Draining        Necr           0%         2d6       83%         3
 Airstrike                Air            0%         2d(0-16)  99%         4
 Anguish                  Hex/Necr       0%         N/A       99%         4
 Brom's Barrelling Bould  Conj/Erth      0%         2d3       99%         4
 Dimensional Bullseye     Hex/Tloc       0%         N/A       99%         4
 Dispel Undead            Necr           0%         3d6       99%         4
 Flame Wave               Conj/Fire      0%         2d4       99%         4
 Fulminant Prism          Conj/Hex       0%         3d5       99%         4
 Iskenderun's Mystic Bla  Conj/Tloc      0%         2d3       99%         4
 Petrify                  Tmut/Erth      0%         N/A       99%         4
 Sticky Flame             Conj/Fire      0%         2d3       99%         4
 Fireball                 Conj/Fire      0%         3d3       100%        5
 Irradiate                Conj/Tmut      0%         3d11      100%        5
 Iskenderun's Battlesphe  Conj           0%         2d6       100%        5
 Silence                  Hex/Air        0%         N/A       100%        5
 Yara's Violent Unravell  Hex/Tmut       0%         3d3       100%        5
 Conjure Ball Lightning   Conj/Air       0%         3x3d6     100%        6
 Orb of Destruction       Conj           0%         9d5       100%        7
 Blink                    Tloc           Unusable   N/A       N/A         2
 Swiftness                Air            Unusable   N/A       N/A         3

Dungeon Overview and Level Annotations

Branches:
Dungeon (11/15)            Temple (0/1) D:7            Lair (1/5) D:8
  Sewer (visited)
    Orc: D:9-12

Altars:
Ashenzari
Hepliaklqana
Kikubaaqudgha
Nemelex Xobeh
Okawaru
Qazlal
Ru
Trog
Uskayaw
Xom
Zin

Shops:
D:4 *

Portals:
Abyss: D:6

Annotations:
D:6 2 transporters, redmage's ghost, novice OpSh
D:11 1 transporter
Lair:1 Gastronok


Innate Abilities, Weirdness & Mutations

You cannot be hasted, slowed, berserked, paralysed or teleported.
You can dig through walls and to a lower floor.
You have a pair of large antennae on your head. (SInv)
Your four strong arms can wield two-handed weapons with a shield.


Message History

Gastronok is lightly wounded.
Gastronok waves his eye-stalks in wide circles.
The air twists around and strikes you!
You slash Gastronok!
Gastronok is poisoned.
Gastronok is lightly wounded.
You slash Gastronok!
Gastronok looks as sick as possible!
Gastronok is lightly wounded.
Gastronok bites you!!
You are too injured to fight recklessly!
You are too injured to fight recklessly!
You are too injured to fight recklessly!
You slash Gastronok!
Gastronok looks as sick as possible!
Gastronok is moderately wounded.
You slash Gastronok!
Gastronok is moderately wounded.
Gastronok misses you.
You hit Gastronok.
Gastronok is moderately wounded.
You hit Gastronok.
Gastronok looks as sick as possible!
Gastronok is heavily wounded.
Gastronok barely misses you.
You hit Gastronok.
Gastronok is heavily wounded.
You slash Gastronok!
Gastronok is heavily wounded.
Gastronok bites you but does no damage.
Aiming: Upheaval
Press: ? - help, Dir - move target, f - Gastronok
Aim: Gastronok, wearing a +2 hat (heavily wounded, extremely poisoned)
A storm cloud blasts the area with cutting wind!
The cutting wind hits you!!
* * * LOW HITPOINT WARNING * * *
The cutting wind hits Gastronok!!
Gastronok is severely wounded.
Unknown command.
You feel better.
Gastronok is buffeted by a sudden breeze.
Gastronok bites you!!
You die...
Gastronok gurgles, "Time to dig in!"

.......## ##..# #.†..#..#
#.## # ##.....## #.# #.##
.8.#...# # ## #.###.....
....##.###.#.####.#.......
.>.8##....................
.....#.........!...##.....
.8..## ...##....#### ...
####...#######..@..# . #
...# #....w......
##..................
#######...........
##.......... #..#.###...
#..### #.. #.. #.


You could see Gastronok (extremely poisoned).

Vanquished Creatures
  A two-headed ogre (D:6)
  A necromancer (D:10)
  A manticore (D:9)
  A black mamba (Lair:1)
  Joseph (D:7)
  Maggie (D:7)
  An unseen horror (D:10)
  2 komodo dragons
  Sigmund (D:3)
  A shadow (D:11)
  5 yaks
  Eustachio (D:4)
  3 steam dragons
  Edmund (D:5)
  4 vampire mosquitoes
  An acid dragon (D:10)
  2 water moccasins
  An orc warrior (D:9)
  2 ice beasts
  A black bear (D:6)
  3 sky beasts (D:7)
  An ogre (D:5)
  5 centaurs
  3 wolves (Lair:1)
  3 kobold brigands
  A phantom (D:5)
  Blork the orc (D:4)
  7 bullfrogs
  2 scorpions
  10 killer bees
  4 howler monkeys
  6 hounds
  6 orc priests
  Crazy Yiuf (D:7)
  3 jellies
  4 iguanas
  Ijyb (D:5)
  A sleepcap (D:6)
  7 orc wizards
  A yak simulacrum (D:10)
  2 polar bear simulacra (D:10)
  6 wolf simulacra (D:10)
  4 gnolls (D:5)
  10 adders
  4 river rats
  3 worms
  3 dart slugs
  29 orcs
  2 bat zombies (D:10)
  6 endoplasms
  4 giant cockroaches
  19 goblins
  13 hobgoblins
  7 jackals
  5 quokkas
  16 ball pythons
  15 bats
  4 frilled lizards (Sewer)
  13 kobolds
  11 rats
  2 river rat simulacra (D:10)
280 creatures vanquished.

Vanquished Creatures (collateral kills)
  A quokka (D:5)
1 creature vanquished.

Vanquished Creatures (others)
  A jelly (D:5)
1 creature vanquished.

Grand Total: 282 creatures vanquished

Notes
Turn   | Place    | Note
-------+----------+-------------------------------------------
     0 | D:1      | xbox the Formicid Artificer began the quest for the Orb.
     0 | D:1      | Reached XP level 1. HP: 15/15 MP: 1/1
    75 | D:1      | Reached skill level 1 in Dodging
   273 | D:1      | Reached XP level 2. HP: 16/21 MP: 2/2
   339 | D:1      | HP: 1/21 [kobold/+0 short sword (2)]
   650 | D:1      | Reached XP level 3. HP: 23/27 MP: 3/3
  1257 | D:2      | Reached skill level 1 in Axes
  1321 | D:2      | Reached XP level 4. HP: 27/33 MP: 4/4
  1360 | D:2      | Reached skill level 2 in Axes
  2035 | D:3      | Reached skill level 3 in Axes
  2040 | D:3      | Reached XP level 5. HP: 15/38 MP: 5/5
  2504 | D:3      | Noticed Sigmund
  2516 | D:3      | Killed Sigmund
  2517 | D:3      | Reached skill level 5 in Axes
  2517 | D:3      | Reached XP level 6. HP: 36/44 MP: 6/6
  2894 | D:3      | Got a graven book
  3276 | D:4      | Found a stormy altar of Qazlal.
  3304 | D:4      | Reached XP level 7. HP: 47/49 MP: 7/7
  3347 | D:4      | Noticed Blork the orc
  3356 | D:4      | Killed Blork the orc
  3458 | D:4      | Reached skill level 6 in Axes
  3495 | D:4      | Noticed Eustachio
  3511 | D:4      | Killed Eustachio
  3637 | D:4      | Found a glowing drain.
  3660 | Sewer    | Entered a sewer
  3711 | Sewer    | Reached XP level 8. HP: 14/57 MP: 8/8
  4634 | D:4      | Found Eguciv's CLEARANCE SALE!.
  4894 | D:4      | Found a sacrificial altar of Ru.
  5253 | D:5      | Entered Level 5 of the Dungeon
  5339 | D:5      | Reached skill level 7 in Axes
  5676 | D:4      | Became a worshipper of Qazlal Stormbringer
  5795 | D:5      | Reached skill level 1 in Invocations
  5965 | D:5      | Noticed Edmund
  5991 | D:5      | Killed Edmund
  5992 | D:5      | Reached XP level 9. HP: 35/65 MP: 8/10
  6363 | D:5      | Noticed Ijyb
  6391 | D:5      | Killed Ijyb
  6550 | D:5      | Found a hazy altar of Hepliaklqana.
  6888 | D:6      | Found a transporter.
  6902 | D:6      | Noticed a purple ugly thing
  6947 | D:6      | Found a one-way gate to the infinite horrors of the Abyss.
  6960 | D:6      | Found a transporter.
  7185 | D:6      | Reached skill level 5 in Stealth
  7293 | D:6      | Noticed a two-headed ogre
  7559 | D:7      | Noticed Maggie
  7571 | D:7      | HP: 1/66 [orc priest/divine providence (13)]
  7578 | D:7      | HP: 3/66 [Maggie/+1 glaive of flaming (1)]
  7622 | D:6      | Killed a two-headed ogre
  7623 | D:6      | Reached skill level 8 in Axes
  7623 | D:6      | Reached skill level 5 in Armour
  7895 | D:6      | Found a bloodstained altar of Trog.
  7905 | D:6      | Reached * piety under Qazlal
  8032 | D:6      | Noticed redmage's ghost (novice OpSh)
  8323 | D:7      | Killed Maggie
  8324 | D:7      | Reached skill level 5 in Fighting
  8324 | D:7      | Reached skill level 5 in Invocations
  8324 | D:7      | Reached XP level 10. HP: 51/74 MP: 13/13
  8412 | D:7      | Found a staircase to the Ecumenical Temple.
  8687 | D:7      | Found a sparkling altar of Nemelex Xobeh.
  8692 | D:7      | Found a glowing silver altar of Zin.
  8695 | D:7      | Found an iron altar of Okawaru.
  8700 | D:7      | Found a shimmering altar of Xom.
  8812 | D:7      | Identified the +2 war axe "Estroxzej" {venom, rF+}
  9055 | D:7      | Noticed Joseph
  9065 | D:7      | Killed Joseph
  9336 | D:7      | Found a runed translucent door.
  9337 | D:7      | Noticed Crazy Yiuf
  9344 | D:7      | Killed Crazy Yiuf
  9501 | D:8      | Found a staircase to the Lair.
  9610 | D:8      | Noticed a komodo dragon
  9622 | D:8      | Killed a komodo dragon
  9623 | D:8      | Reached skill level 9 in Axes
 11248 | D:9      | Reached XP level 11. HP: 45/81 MP: 16/16
 11277 | D:8      | HP: 3/81 [yak (7)]
 11278 | D:8      | Reached ** piety under Qazlal
 11524 | D:9      | Noticed a manticore
 11531 | D:9      | Killed a manticore
 11574 | D:9      | Reached skill level 5 in Dodging
 11697 | D:9      | Found a hide-covered altar of Uskayaw.
 11963 | D:10     | Entered Level 10 of the Dungeon
 11971 | D:10     | Identified the +0 scale mail of Umovvix {rCorr Str+2 Dex-3}
 11976 | D:10     | Noticed a necromancer
 11989 | D:10     | Killed a necromancer
 12269 | D:10     | Found a broken altar of Ashenzari.
 12352 | D:10     | Reached skill level 10 in Axes
 12924 | D:10     | Found an ancient bone altar of Kikubaaqudgha.
 13422 | D:11     | Found a transporter.
 13451 | D:11     | Noticed an ogre mage
 13829 | Lair:1   | Entered Level 1 of the Lair of Beasts
 14085 | Lair:1   | Noticed Gastronok
 14098 | Lair:1   | Slain by Gastronok

Illustrated notes

Levels and vault maps discovered:
D:1:      matt_arrival_grand_opening, layout_basic, minivault_11
D:2:      layout_basic, kennysheep_decorative_pillar, minmay_tiny_reverse_x
D:3:      minmay_octagon_keep, layout_loops_ring, hangedman_decor_riveting,
          dreamdust_wishing_well, minmay_misc_feat_plants, uniq_sigmund
D:4:      cheibrodos_old_hovel, layout_rooms, nicolae_qazlal_eye_of_the_storm,
          lemuel_coloured_pillars_altar, portal_sewer_entry_a,
          nicolae_shop_clearance, uniq_blork_the_orc, uniq_eustachio
D:5:      layout_loops_cross, nicolae_hepliaklqana_hazy_memory, uniq_ijyb,
          uniq_edmund
D:6:      layout_basic, trog_hazing_becter, gammafunk_ghost_abyssal_escape,
          minmay_door_square, kennysheep_generic_room_3
D:7:      layout_basic, nicolae_overflow_macrodata_refinement,
          minmay_temple_entry_proselytizer, uniq_crazy_yiuf_cottage,
          uniq_joseph, uniq_maggie
D:8:      layout_layer_cave, dpeg_oklobed_lair
D:9:      layout_rooms, mainiacjoe_overflow_catwalk, enter_bailey_5,
          skrybe_limestone_x
D:10:     lemuel_ice_spiral_2, layout_basic, evilmike_ruin_ashenzari,
          lemuel_zombie_altar_kikubaaqudgha, hex_tiny, st_stairs_4,
          moated_statue, eino_house_with_fridge
D:11:     layout_rooms, david_orc_3, nzn_ghost_randoct, grunt_ministairs_15
Lair:1:   layout_gridlike, nicolae_lair_lakeside_cave, grunt_megastairs_2,
          uniq_gastronok

Skill      XL: |  1  2  3  4  5  6  7  8  9 10 11 |
---------------+----------------------------------+-----
Dodging        | 1 2 3 4 5 |  5.5
Stealth        | 2 3 4 5 6 8 |  8.0
Axes           | 1 3 5 6 7 8 9 10 | 10.3
Fighting       | 2 3 5 6 |  6.9
Armour         | 3 4 5 6 7 |  7.3
Invocations    | 1 5 7 8 |  8.9
Evocations     | |  3.2

Action                     |  1- 3 |  4- 6 |  7- 9 | 10-12 || total
---------------------------+-------+-------+-------+-------++-------
  Melee: Club              |   102 |       |       |       ||   102
         Punch             |     3 |     1 |     6 |    12 ||    22
         Hand axe          |    26 |   230 |   451 |   412 ||  1119
         Quarterstaff      |       |       |       |    98 ||    98
         War axe           |       |       |       |    33 ||    33
 Invoke: Upheaval          |       |       |       |     1 ||     1
  Evoke: Wand              |     2 |     4 |    27 |     8 ||    41
    Use: Scroll            |       |       |    18 |     5 ||    23
         Potion            |       |       |     2 |     4 ||     6
   Stab: Sleeping          |     4 |     6 |     4 |       ||    14
         Distracted        |       |       |     1 |       ||     1
 Armour: Leather armour    |   101 |   155 |       |       ||   256
         Ring mail         |       |     3 |   263 |   250 ||   516
         Acid dragon scale |       |       |       |   118 ||   118
  Dodge: Dodged            |    78 |   174 |   270 |   474 ||   996
  Block: Other             |       |       |       |    54 ||    54

Table legend: (Time is in decaauts)
 A = Elapsed time spent in this place.
 B = Non-inter-level travel time spent in this place.
 C = Inter-level travel time spent in this place.
 D = Time resting spent in this place.
 E = Time spent auto-exploring this place.
 F = Levels seen in this place.
 G = Mean time per level.
                   A        B        C        D        E       F      G
               +--------+--------+--------+--------+--------+-----+--------+
         Total |  14244 |  13496 |    748 |    416 |  10455 |  13 | 1095.7 |
       Dungeon |  12932 |  12184 |    748 |    416 |   9437 |  11 | 1175.6 |
          Lair |    268 |    268 |      0 |      0 |    217 |   1 |  268.0 |
         Sewer |   1043 |   1043 |      0 |      0 |    801 |   1 | 1043.0 |
               +--------+--------+--------+--------+--------+-----+--------+

Top non-repeatable levels by time:
     D:8: 1856 daAuts
    D:10: 1455 daAuts
     D:7: 1400 daAuts
     D:4: 1366 daAuts
     D:6: 1267 daAuts
     D:5: 1263 daAuts
     D:3: 1236 daAuts
     D:1: 1184 daAuts
   Sewer: 1043 daAuts
     D:2: 882 daAuts
     D:9: 717 daAuts
    D:11: 301 daAuts
  Lair:1: 268 daAuts
